 Dungeon Crawl Stone Soup version 0.25-a0-424-g80bd347ae0 (webtiles) character file.

Game seed: 1102174960821105778, levelgen mode: deterministic

320 MirrMurr the Covert (level 6, -1/28 HPs)
             Began as a Spriggan Enchanter on Jan 20, 2020.
             Killed from afar by an orc wizard (10 damage)
             ... with a magic dart
             ... on level 4 of the Dungeon.
             The game lasted 00:09:57 (6104 turns).

MirrMurr the Covert (Spriggan Enchanter)            Turns: 6104, Time: 00:09:57

Health: -1/28      AC:  2    Str:  6    XL:     6   Next: 22%
Magic:  11/11      EV: 18    Int: 16    God:
Gold:   84         SH:  0    Dex: 17    Spells: 2/10 levels left

rFire    . . .     SeeInvis +   b - +0 short sword (venom)
rCold    . . .     Gourm    .   (shield restricted)
rNeg     . . .     Faith    .   f - +0 robe
rPois    .         Spirit   .   (helmet restricted)
rElec    .         Reflect  .   (no cloak)
rCorr    .         Harm     .   (gloves unavailable)
MR       +....                  (boots unavailable)
Stlth    ++++......             (no amulet)
HPRegen  0.09/turn              (no ring)
MPRegen  0.12/turn              (no ring)

@: very quick
A: very small, unfitting armour, see invisible, herbivore, speed 3, slow
metabolism 2
a: no special abilities


You were on level 4 of the Dungeon.
You were hungry.

You visited 1 branch of the dungeon, and saw 4 of its levels.

You collected 84 gold pieces.

Inventory:

Hand Weapons
 a - a +1 dagger
 b - a +0 short sword of venom (weapon)
 m - a +0 hunting sling
Missiles
 i - 55 stones (quivered)
 k - 19 poisoned darts
Armour
 f - a +0 robe (worn)
Jewellery
 e - an uncursed amulet of harm {unknown}
Scrolls
 d - 3 scrolls of teleportation
 o - a scroll of immolation
Potions
 g - 2 potions of might
 h - a potion of mutation {unknown}
 j - a potion of heal wounds {unknown}
 n - a potion of flight {unknown}
 q - a potion of brilliance {unknown}
Comestibles
 c - 4 rations


   Skills:
 - Level 5.0 Short Blades
 - Level 3.0 Dodging
 - Level 8.1 Stealth
 + Level 2.6 Spellcasting
 * Level 3.6 Hexes


You had 2 spell levels left.
You knew the following spells:

 Your Spells              Type           Power        Failure   Level  Hunger
a - Ensorcelled Hibernat  Hex/Ice        #.....       14%         2    ##.....
b - Confusing Touch       Hex            ##......     13%         3    ###....
c - Tukima's Dance        Hex            ##......     13%         3    ###....

Your spell library contained the following spells:

 Spells                   Type           Power        Failure   Level  Hunger
 Corona                   Hex            ##.....      4%          1    #......
 Dazzling Flash           Conj/Hex       #.....       28%         3    ###....


Dungeon Overview and Level Annotations

Branches:
Dungeon (4/15)
 Temple: D:4-7

Altars:


Innate Abilities, Weirdness & Mutations

You are very small and have problems with some larger weapons.
You are too small for most types of armour.
You have supernaturally acute eyesight. (SInv)
You are a herbivore.
You cover ground extremely quickly.
You need to consume almost no food.


Message History

The orc misses you.
The centaur wields a +0 shortbow.
The centaur shoots an arrow.
The arrow closely misses you.
The arrow hits the orc!
The orc dies!
The centaur shoots an arrow.
The arrow misses you.
The orc wizard mumbles some strange words.
The orc wizard seems to speed up.
The centaur shoots an arrow.
The arrow barely misses you.
You see here an arrow.
The centaur unwields a +0 shortbow.
The centaur barely misses you.
You barely miss the centaur. The centaur misses you.
You hit the centaur.
The centaur is poisoned.
The centaur is moderately wounded.
The centaur hits you. The centaur barely misses you.
You completely miss the orc wizard. The centaur hits you. x2
The orc wizard closely misses you.
The orc wizard gestures at you while chanting.
The magic dart hits you!
You die...

,,,,*,***#.###.....,,*
,*,,*,,,,.......#.#***
,,,,*,,,,,,#....(.####
,,,,,,,,,,,#.#[!.#...#
***,,,,,,,,,,#..###..#
******** ***,**,,,*,**#o##
##.# *,,,,,,*
,,,,***,*#.###.o###..#
*,****,** *****
*,*#.......#.#.####.##,,,,,
*,*#####c.@.<.........,,,**
##,** #######.####...,,,*
#...* #.# ******** ****
#...* #.# ######### ,,,*
#...* #.# #.......#
**,###...##### #.#
#.......# ,*,..........##
##.###.......#
,,,...........###
#............#*
,*,.)...........#
#..###.......#,


You could see a centaur, an orc wizard and an orc.

Vanquished Creatures
  A crimson imp (D:4)
  An orc priest (D:3)
  A hound (D:4)
  2 orc wizards (D:3)
  A gnoll (D:2)
  6 adders
  An ooze (D:2)
  6 worms (D:2)
  2 dart slugs
  2 leopard geckos (D:2)
  10 orcs (D:3)
  2 ball pythons
  7 bats
  A giant cockroach (D:2)
  9 hobgoblins
  7 jackals
  2 quokkas (D:3)
  6 frilled lizards
  8 goblins
  6 kobolds
  A rat (D:3)
82 creatures vanquished.

Vanquished Creatures (others)
  An orc (D:4)
1 creature vanquished.

Grand Total: 83 creatures vanquished

Notes
Turn   | Place    | Note
-------+----------+-------------------------------------------
     0 | D:1      | MirrMurr the Spriggan Enchanter began the quest for the
                  | Orb.
     0 | D:1      | Reached XP level 1. HP: 9/9 MP: 5/5
   655 | D:1      | Reached XP level 2. HP: 11/13 MP: 4/6
   659 | D:1      | Learned a level 2 spell: Ensorcelled Hibernation
   838 | D:2      | Reached skill level 5 in Stealth
  1703 | D:2      | Reached XP level 3. HP: 16/16 MP: 8/8
  1741 | D:1      | Learned a level 3 spell: Confusing Touch
  2383 | D:2      | Reached skill level 6 in Stealth
  2559 | D:2      | Reached XP level 4. HP: 12/21 MP: 9/9
  3118 | D:3      | Reached skill level 7 in Stealth
  3118 | D:3      | Reached XP level 5. HP: 9/24 MP: 5/10
  3140 | D:2      | Learned a level 3 spell: Tukima's Dance
  5569 | D:4      | Noticed a centaur
  5571 | D:4      | Reached skill level 8 in Stealth
  5571 | D:4      | Reached XP level 6. HP: 17/28 MP: 11/11
  6060 | D:4      | Reached skill level 5 in Short Blades
  6104 | D:4      | Killed from afar by an orc wizard

Levels and vault maps discovered:
D:1:      minmay_arrival_loop, layout_loops_corners
D:2:      minmay_wonky_spiral, layout_rooms
D:3:      layout_basic
D:4:      layout_loops_cross, minmay_strange_pillars, kennysheep_cluttered_room

Skill      XL: |  1  2  3  4  5  6 |
---------------+-------------------+-----
Stealth        | 5 6 7 8 |  8.1
Short Blades   | 2 3 4 5 |  5.0
Dodging        | |  3.0
Spellcasting   | |  2.6
Hexes          | |  3.6

Action                   |  1- 3 |  4- 6 || total
-------------------------+-------+-------++-------
Melee: Dagger            |    88 |       ||    88
       Short sword       |    41 |   219 ||   260
 Cast: Corona            |     2 |       ||     2
       Ensorcelled Hiber |    16 |     3 ||    19
       Confusing Touch   |       |     1 ||     1
  Use: Scroll            |     4 |     5 ||     9
 Stab: Sleeping          |    13 |     7 ||    20
       Distracted        |       |     1 ||     1
       Confused          |       |     1 ||     1
  Eat: Ration            |       |     2 ||     2
Armor: Robe              |    15 |    17 ||    32
Dodge: Dodged            |   107 |   163 ||   270

Table legend:
 A = Non-vault XP
 B = Vault XP
 C = Vault XP percentage of total XP
 D = Non-vault monster count
 E = Vault monster count
 F = Vault count percentage of total count
                 A         B        C        D         E       F
            +---------+---------+-------+---------+---------+-------
      Total |     439 |      19 |   4.1 |      79 |       4 |   4.8
            +---------+---------+-------+---------+---------+-------
        D:1 |      14 |       1 |   6.7 |       7 |       1 |  12.5
        D:2 |      86 |      18 |  17.3 |      28 |       3 |   9.7
        D:3 |     221 |       0 |   0.0 |      39 |       0 |   0.0
        D:4 |     118 |       0 |   0.0 |       5 |       0 |   0.0
            +---------+---------+-------+---------+---------+-------
